 Dungeon Crawl Stone Soup version bcrawl-1.41.1 (webtiles) character file.

Game seed: 16793104557459203340

163952 Grimmash the Sneak (level 6, -4/55 HPs)
             Began as a Naga Archaeologist on Apr 20, 2024.
             Slain by a yak (10 damage)
             ... on level 4 of the Dungeon.
             The game lasted 00:03:45 (2942 turns).

Grimmash the Sneak (Naga Archaeologist)             Turns: 2942, Time: 00:03:45

Health: -4/55      AC: 10    Str: 14    XL:     6   Next: 17%
Magic:  6/6        EV:  5    Int: 16    God:
Gold:   115        SH:  3    Dex:  9    Spells: 5/5 levels left

rFire    . . .     GDR:     23% y - +0 mace
rCold    + . .     SeeInvis +   r - +0 buckler
rNeg     . . .     Gourm    .   k - +0 scale mail (curse)
rPois    +         Faith    .   d - +1 hat
rElec    +         Spirit   .   (no cloak)
rCorr    +         Reflect  .   (no gloves)
MR       .....                  h - +0 barding {rC+}
Stlth    +.........             (no amulet)
HPRegen  0.19/turn              s - ring of resist corrosion
MPRegen  0.10/turn              t - ring of insulation

@: very slow
A: large, tail, swims, see invisible, deformed body, poison resistance, slowness
2, slow metabolism 1, spit poison 1, AC +2
a: Spit Poison


You were on level 4 of the Dungeon.
You were hungry.

You visited 1 branch of the dungeon, and saw 4 of its levels.

You collected 115 gold pieces.

Inventory:

Hand Weapons
 a - a +0 scimitar of holy wrath
 b - a +0 blowgun
 j - a +0 hunting sling
 y - a +0 mace (weapon)
Missiles
 f - 6 curare-tipped needles
 p - 68 poisoned tomahawks (quivered)
Armour
 d - a +1 hat (worn)
 h - a +0 barding of cold resistance (worn)
 k - a cursed +0 scale mail (worn)
 r - a +0 buckler (worn)
Jewellery
 s - a ring of resist corrosion (left hand)
 t - a ring of insulation (right hand)
Scrolls
 g - 4 scrolls of revelation
 i - 5 scrolls of identify
 l - 6 scrolls of remove curse {unknown}
 o - 2 scrolls of fog {unknown}
 u - 3 scrolls of enchant weapon {unknown}
 v - 2 scrolls of amnesia {unknown}
 w - 2 scrolls of teleportation {unknown}
Potions
 c - 3 potions of haste {unknown}
 m - 2 potions of curing
 n - 3 potions of lignification
 q - 2 potions of mutation {unknown}
 z - a potion of might {unknown}
 B - a potion of degeneration {unknown}
Comestibles
 e - 11 rations {!d}


   Skills:
 * Level 2.5 Fighting
   Level 2.0 Short Blades
 * Level 2.3 Maces & Flails
 + Level 0.3 Throwing
 * Level 2.0 Armour
 * Level 3.2 Dodging
 + Level 5.5 Stealth
 + Level 0.2 Shields


You had 5 spell levels left.
You didn't know any spells.
Your spell library contained the following spells:

 Spells                   Type           Power        Failure   Level  Hunger
 Magic Dart               Conj           #...         89%         1    None
 Searing Ray              Conj           #.......     96%         2    ####...
 Iskenderun's Mystic Bla  Conj           #.......     99%         3    #####..
 Fulminant Prism          Conj/Hex       #.........   100%        4    ######.
 Irradiate                Conj/Tmut      #.........   100%        5    #######


Dungeon Overview and Level Annotations

Branches:
Dungeon (4/12)
 Temple: D:4-7

Altars:
Lugonu
Okawaru
Qazlal
Sif Muna

Annotations:
D:3 1 runed door, Ijyb


Innate Abilities, Weirdness & Mutations

You cannot wear boots.
You can swim through water.
Your serpentine skin is tough. (AC +2)
You have supernaturally acute eyesight. (SInv)
Armour fits poorly on your strangely shaped body.
Your system is resistant to poisons. (rPois)
You cover ground very slowly.
You have a slow metabolism.
You can spit poison.


Message History

The yak is severely wounded.
The yak gores you but does no damage.
You hit the yak.
The yak is severely wounded.
The yak barely misses you.
No path to travel!
You barely miss the yak.
The yak is severely wounded.
You have got your breath back.
The yak looks more healthy.
The yak gores you!
* * * LOW HITPOINT WARNING * * *
The yak gores you but does no damage.
You hit the yak.
The yak is almost dead.
The yak barely misses you.
No path to travel!
You hit the yak but do no damage.
The yak is almost dead.
The yak gores you!
You die...

################
...............#
...............#
...............#
...............#
...............#
...............# .##
...............####.....
...............)@Y.?...>
...............###....#.
................. ...#
..)............## ..#
##)............# ...
.#.............##. ..
.+................ .
.#.............#
##.............#


You could see a yak.

Vanquished Creatures
  A bullfrog (D:4)
  Blork the orc (D:4)
  An iguana (D:4)
  A worker ant (D:4)
  3 adders (D:3)
  A worm (D:2)
  2 dart slugs (D:2)
  2 leopard geckos
  2 orcs (D:3)
  2 giant cockroaches
  A goblin (D:4)
  5 hobgoblins
  5 jackals
  3 kobolds
  A ball python (D:3)
  4 bats
  7 frilled lizards
  2 rats
44 creatures vanquished.

Notes
Turn   | Place    | Note
-------+----------+-------------------------------------------
     0 | D:1      | Grimmash the Naga Archaeologist began the quest for the
                  | Orb.
     0 | D:1      | Reached XP level 1. HP: 18/18 MP: 1/1
   362 | D:1      | Reached skill level 5 in Stealth
   367 | D:1      | Reached XP level 2. HP: 13/25 MP: 2/2
  1086 | D:2      | Reached XP level 3. HP: 31/31 MP: 3/3
  1217 | D:2      | Found a shimmering blue altar of Sif Muna.
  1569 | D:3      | Found a runed door.
  1683 | D:3      | Found an iron altar of Okawaru.
  1795 | D:3      | Found a stormy altar of Qazlal.
  1871 | D:3      | Noticed Ijyb
  2010 | D:3      | Reached skill level 1 in Short Blades
  2010 | D:3      | Reached XP level 4. HP: 31/39 MP: 4/4
  2421 | D:4      | Reached skill level 1 in Armour
  2421 | D:4      | Reached XP level 5. HP: 22/45 MP: 5/5
  2421 | D:4      | Identified a scroll of acquirement
  2510 | D:4      | Noticed Blork the orc
  2521 | D:4      | Killed Blork the orc
  2594 | D:4      | Found a corrupted altar of Lugonu.
  2656 | D:4      | Noticed a bullfrog
  2667 | D:4      | Killed a bullfrog
  2668 | D:4      | Reached XP level 6. HP: 30/55 MP: 6/6
  2672 | D:4      | Got a bound bone ring
  2673 | D:4      | Identified the ring of Feohoum {Fire rElec rPois Slay-4}
                  | (You found it on level 4 of the Dungeon)
  2925 | D:4      | Noticed a yak
  2942 | D:4      | Slain by a yak

Skill      XL: |  1  2  3  4  5 |
---------------+----------------+-----
Stealth        | 5 |  5.5
Fighting       | 2 |  2.5
Short Blades   | 1 2 |  2.0
Maces & Flails | 2 |  2.3
Armour         | 1 2 |  2.0
Dodging        | 3 |  3.2
Throwing       | |  0.3
Shields        | |  0.2

Action                   |  1- 3 |  4- 6 || total
-------------------------+-------+-------++-------
Melee: Short sword       |    83 |    51 ||   134
       Whip              |     7 |       ||     7
       Mace              |       |    11 ||    11
Throw: Tomahawk          |       |    10 ||    10
 Abil: Spit Poison       |     2 |     6 ||     8
  Use: Scroll            |     3 |     2 ||     5
       Potion            |       |     2 ||     2
 Stab: Sleeping          |     3 |     1 ||     4
       Distracted        |       |     1 ||     1
  Eat: Chunk             |     5 |     4 ||     9
Armor: Robe              |    14 |       ||    14
       Scale mail        |    33 |    31 ||    64
       Skin              |       |     9 ||     9
Dodge: Dodged            |    70 |    14 ||    84
Block: Buckler           |     7 |     7 ||    14
